 Dungeon Crawl Stone Soup version 0.30.1-6-gbe392663c4 (webtiles) character file.

Game seed: 9313589099610183338

196 NullDivider the Stinger (level 5, -2/31 HPs)
             Began as an Octopode Venom Mage on Sept 20, 2023.
             Slain by an orc wizard
             ... wielding a +0 dagger
              (4 damage)
             ... on level 4 of the Dungeon.
             The game lasted 00:14:46 (3037 turns).

NullDivider the Stinger (Octopode Venom Mage)       Turns: 3037, Time: 00:14:47

Health: -2/31      AC:  1    Str:  8    XL:     5   Next: 74%
Magic:  7/9        EV: 14    Int: 17    God:
Gold:   218        SH:  0    Dex: 20    Spells: 3/9 levels left

rFire   . . .        o - +2 dagger (venom)
rCold   . . .        (no shield)
rNeg    . . .        (helmet restricted)
rPois   .            (no amulet)
rElec   .            p - +6 ring of dexterity
rCorr   .            (no ring)
SInv    .            (no ring)
Will    .....        (no ring)
Stlth   ++++         (no ring)
HPRegen 0.25/turn    (no ring)
MPRegen 0.11/turn    (no ring)
                     (no ring)

%: no passive effects
@: attractive, flying
A: almost no armour, amphibious, 8 rings, camouflage 1, gelatinous body 1,
(nimble swimmer 1), tentacles
a: no special abilities


You were on level 4 of the Dungeon.
You visited 1 branch of the dungeon, and saw 4 of its levels.

You collected 218 gold pieces.

Inventory:

Hand Weapons
 o - a +2 dagger of venom (weapon)
Jewellery
 h - a ring of ice
 p - a +6 ring of dexterity (left tentacle)
Scrolls
 b - 2 scrolls of teleportation {unknown}
 d - a scroll of enchant armour {unknown}
 f - a scroll of poison {unknown}
 g - a scroll of immolation {unknown}
 k - 2 scrolls of fear {unknown}
 l - 2 scrolls of identify {unknown}
 n - a scroll of torment {unknown}
Potions
 a - a potion of magic
 c - a potion of degeneration {unknown}
 e - a potion of flight
 i - a potion of curing {unknown}
 j - a potion of mutation {unknown}
 m - a potion of attraction


   Skills:
 + Level 1.4 Short Blades
 + Level 3.1 Dodging
 + Level 4.3 Stealth
 + Level 2.8 Spellcasting
 - Level 1.0 Transmutations
 + Level 1.6 Air Magic
 + Level 4.5 Poison Magic


You had 3 spell levels left.
You knew the following spells:

 Your Spells              Type           Power      Damage    Failure   Level
a - Sting                 Tmut/Pois      44%        1d5       6%          1
b - Poisonous Vapours     Pois/Air       24%        N/A       8%          2
c - Mephitic Cloud        Conj/Pois/Air  9%         N/A       22%         3

Your spell library contained the following spells:

 Spells                   Type           Power      Damage    Failure   Level
 Apportation              Tloc           4%         N/A       19%         1
 Olgreb's Toxic Radiance  Pois           17%        N/A       28%         4
 Alistair's Intoxication  Tmut/Pois      7%         N/A       85%         5


Dungeon Overview and Level Annotations

Branches:
Dungeon (4/15)
 Temple: D:4-7

Altars:
Dithmenos
Hepliaklqana
Nemelex Xobeh
Okawaru
Zin

Shops:
D:2 (


Innate Abilities, Weirdness & Mutations

You cannot wear most types of armour.
You are amphibious.
You can wear up to eight rings at the same time.
Your skin changes colour to match your surroundings (Stealth+).
Your rubbery body absorbs attacks. (AC +1, EV +1)
((You are camouflaged when in or above water. (Stealth+)))
You have tentacles for arms and can constrict up to eight enemies at once.


Message History

You are very lightly contaminated with residual magic.
Nothing appears to happen.
The orc wizard casts a spell.
The orc wizard flickers and vanishes!
Deactivating autopickup; reactivate with Ctrl-A.
You hear a shout!
You see here a sedimented ruby potion.
The orc attacks as you move away! The orc hits you but does no damage.
A puff of flame appears from out of thin air!
The puff of flame hits you!
Your magical contamination has completely faded away.
The orc attacks as you move away! The orc completely misses you.
An orc comes into view. It is wielding a +0 dagger.
You hear some strange, mumbled words.
You are confused.
You barely miss the orc. The orc misses you. The orc barely misses you.
You completely miss the orc. Your squeeze misses the orc.
The kobold hits you with a +0 dagger.
You're too confused to move!
The kobold hits you with a +0 dagger.
You hit the kobold.
The kobold is poisoned.
The kobold is moderately wounded.
The orc misses you. The kobold closely misses you. Something hits you.
* * * LOW HITPOINT WARNING * * *
You feel less confused. The kobold completely misses you. Something hits you.
* * * LOW HITPOINT WARNING * * *
It was a potion of attraction.
You feel attractive to monsters. The orc completely misses you.
The kobold barely misses you. Something hits you.
* * * LOW HITPOINT WARNING * * *
Something hits you.
* * * LOW HITPOINT WARNING * * *
The kobold attacks as you move away! The kobold misses you.
It was a potion of flight.
You feel very buoyant.
You fly up into the air.
The orc misses you. The kobold completely misses you. Something hits you.
You die...

.... #.........# ..
..#..# #. .......# ..##
..##...#. #.....###....
..# ##..)###.<...+......
..# #............#......
... #...................
...
........................
g..
................o.......
[..
.............K@.......
...
..#........##o.[......
?.. #
###......!.......... ...
......##............ ...
>................... ...
..............#.#... #..
.....#.............. #..
.... ##............. ...
... ............. .≈≈


You could see 2 orcs and a kobold (poisoned).

Vanquished Creatures
  A black bear (D:3)
  4 adders
  3 dart slugs (D:1)
  2 orcs (D:3)
  3 bats
  3 endoplasms
  4 giant cockroaches
  8 goblins
  6 hobgoblins
  2 jackals (D:3)
  2 quokkas
  7 ball pythons
  5 frilled lizards
  6 kobolds
  7 rats
63 creatures vanquished.

Notes
Turn   | Place    | Note
-------+----------+-------------------------------------------
     0 | D:1      | NullDivider the Octopode Venom Mage began the quest for the
                  | Orb.
     0 | D:1      | Reached XP level 1. HP: 11/11 MP: 3/3
   121 | D:1      | Reached XP level 2. HP: 17/17 MP: 3/5
   145 | D:1      | Learned a level 2 spell: Poisonous Vapours
   470 | D:1      | Reached XP level 3. HP: 21/21 MP: 6/6
   727 | D:2      | Identified the +9 hand axe of Innocence {antimagic, rN+}
   767 | D:2      | Found Meyrak's Antique Weapon Shoppe.
   855 | D:2      | Learned a level 3 spell: Mephitic Cloud
   862 | D:2      | Found an iron altar of Okawaru.
  1011 | D:2      | Reached XP level 4. HP: 22/27 MP: 4/7
  1345 | D:2      | Found a faded altar of an unknown god.
  1390 | D:2      | Got Plato's Grimoire of Displacement
  1772 | D:3      | Found a sparkling altar of Nemelex Xobeh.
  1868 | D:3      | Found a glowing silver altar of Zin.
  1908 | D:3      | Reached skill level 1 in Air Magic
  2516 | D:3      | Found a hazy altar of Hepliaklqana.
  2897 | D:4      | Noticed a black bear
  2898 | D:4      | Found a shadowy altar of Dithmenos.
  2928 | D:3      | Killed a black bear
  2929 | D:3      | Reached skill level 1 in Short Blades
  2929 | D:3      | Reached XP level 5. HP: 29/31 MP: 1/9
  3036 | D:4      | HP: 1/31 [something (3)]
  3037 | D:4      | Slain by an orc wizard

Illustrated notes

Levels and vault maps discovered:
D:1:      minmay_arrival_split_and_join, layout_rooms, minmay_3d_cube
D:2:      layout_basic, serial_shops, shop_fountains,
          shapermc_ecumenical_altar_rom_forum, basic_altar
D:3:      layout_loops_ring, nzn_hepliaklqana_mist_gate, marbit_many_paths,
          nemelex_dance_club_becter, grunt_ministairs_1
D:4:      layout_basic, grunt_temple_overflow_champion_of_chaos,
          mainiacjoe_overflow_catwalk, kennysheep_cross_room, minmay_surrounded,
          uniq_sigmund, uniq_menkaure

Skill      XL: |  1  2  3  4 |
---------------+-------------+-----
Stealth        | 3 4 |  4.3
Poison Magic   | 4 |  4.5
Air Magic      | 1 |  1.6
Short Blades   | 1 |  1.4
Dodging        | 3 |  3.1
Spellcasting   | |  2.8
Transmutations | |  1.0

Action                     |  1- 3 |  4- 6 || total
---------------------------+-------+-------++-------
  Melee: Unarmed           |    30 |       ||    30
         Constrict         |    12 |     8 ||    20
         Tentacles         |    12 |     6 ||    18
         Dagger            |    23 |    45 ||    68
         Punch             |       |     1 ||     1
   Cast: Sting             |    26 |    15 ||    41
         Poisonous Vapours |     1 |    12 ||    13
    Use: Potion            |       |     2 ||     2
   Stab: Sleeping          |     4 |    11 ||    15
 Armour: Skin              |     6 |     5 ||    11
  Dodge: Dodged            |    36 |    31 ||    67
